 Dungeon Crawl Stone Soup version 0.29.0-4-gdea44cf6ec (webtiles) character file.

Game seed: 16445450537585805273

302 qw the Ruffian (level 6, -2/48 HPs)
             Began as a Ghoul Fire Elementalist on Aug 29, 2022.
             Killed by divine providence
             ... invoked by an orc priest
              (15 damage)
             ... on level 4 of the Dungeon.
             The game lasted 00:02:41 (3477 turns).

qw the Ruffian (Ghoul Fire Elementalist)            Turns: 3477, Time: 00:02:42

Health: -2/48      AC:  9    Str: 14    XL:     6   Next: 37%
Magic:  7/7        EV:  8    Int: 10    God:
Gold:   143        SH:  0    Dex:  9    Spells: 7/8 levels left

rFire   + + +      SeeInvis .     - Unarmed
rCold   + + .      Faith    .   (no shield)
rNeg    + + +      Spirit   .   j - +0 fire dragon scales
rPois   inf        Reflect  .   g - +0 helmet
rElec   .          Harm     .   b - scarf {rC+ rF+}
rCorr   .          Rampage  .   (no gloves)
Will    .....                   (no boots)
Stlth   ..........              (no amulet)
HPRegen 0.00/turn               f - ring of protection from cold
MPRegen 0.10/turn               (no ring)

@: inhibited regen
A: claws 1, cold resistance 1, negative energy resistance 3, inhibited
regeneration, torment resistance 2, devour on kill
a: no special abilities


You were on level 4 of the Dungeon.
You visited 1 branch of the dungeon, and saw 4 of its levels.

You collected 143 gold pieces.


Innate Abilities, Weirdness & Mutations

You are immune to poison.
You have sharp fingernails.
Your flesh is cold resistant. (rC+)
You are immune to negative energy. (rN+++)
You do not regenerate when monsters are visible.
You are immune to unholy pain and torment.
You thrive by killing the living.


   Skills:
 - Level 2.0 Fighting
 + Level 0.0 Armour
 - Level 1.7 Dodging
 - Level 2.1 Stealth
 - Level 6.3 Unarmed Combat
 - Level 1.7 Spellcasting
 - Level 0.7 Conjurations
 - Level 2.4 Fire Magic


You had 7 spell levels left.
You knew the following spells:

 Your Spells              Type           Power      Damage    Failure   Level
a - Foxfire               Conj/Fire      16%        2x1d4     71%         1

Your spell library contained the following spells:

 Spells                   Type           Power      Damage    Failure   Level
 Scorch                   Fire           10%        2d6       73%         2
 Conjure Flame            Conj/Fire      4%         6-21      97%         3
 Inner Flame              Hex/Fire       3%         N/A       98%         3
 Flame Wave               Conj/Fire      4%         2d5       100%        4

Inventory:

Armour
 b - a scarf of resistance (worn)
 g - a +0 helmet (worn)
 j - +0 fire dragon scales (worn)
Jewellery
 f - a ring of protection from cold (left claw)
Scrolls
 a - 2 scrolls of teleportation
 k - 2 scrolls of identify

Dungeon Overview and Level Annotations

Branches:
Dungeon (4/15)
 Temple: D:4-7

Altars:


Message History

The orc priest mumbles some strange prayers to Beogh against you.
Beogh smites you!
An orc comes into view. It is wielding a +0 mace.
You hear a shout!
An orc and a dart slug come into view.
The orc shouts!
You closely miss the hound. The hound closely misses you.
An orc comes into view.
It is wielding a +1 hand axe of draining.
You barely miss the hound. The hound bites you but does no damage.
The orc priest mumbles some strange prayers to Beogh against you.
Beogh smites you!
You closely miss the hound. The hound bites you but does no damage.
The hound closely misses you.
You miss the hound. Your claw misses the hound.
The hound bites you but does no damage.
The dart slug briefly extends its eye-stalks.
The orc wizard casts a spell at you. The puff of flame misses you.
You scratch the hound but do no damage. The hound bites you but does no damage.
The orc wizard casts a spell at you.
The puff of flame hits you but does no damage.
You scratch the hound but do no damage. The hound bites you but does no damage.
The hound bites you.
You scratch the hound.
The hound is moderately wounded.
The orc priest casts a cantrip, but nothing happens.
A hobgoblin comes into view.
The hound barely misses you.
The hobgoblin shouts!
You scratch the hound.
The hound is moderately wounded.
You hear an angry hiss.
An adder comes into view.
A ball python comes into view.
The hound barely misses you.
The orc priest calls down the wrath of Beogh upon you.
Beogh smites you!
You die...

#..<.## .# #.## ##....#
[# #.# #.##.#..###
.#.#.#
#.........#####.#.#.##
......................
..........#.#..........
..........#.#...#.....
#........<#.#..........
.###....##.#@..$......
#.....ooho......#..
........oo...#####
.............#
...........
............
S.......###.. ..S...g##
#.#


You could see a hound, an orc priest, an orc wizard, an adder (wandering), 3
orcs, a hobgoblin and a ball python.

Vanquished Creatures
  Grinder (D:3)
  A howler monkey (D:4)
  An adder (D:3)
  A dart slug (D:2)
  2 orcs
  5 endoplasms
  A giant cockroach (D:2)
  7 goblins
  5 hobgoblins (D:1)
  6 jackals
  3 quokkas
  4 ball pythons
  6 bats
  4 frilled lizards
  4 kobolds
  2 rats (D:1)
53 creatures vanquished.

Notes
Turn   | Place    | Note
-------+----------+-------------------------------------------
     0 | D:1      | qw the Ghoul Fire Elementalist began the quest for the Orb.
     0 | D:1      | Reached XP level 1. HP: 14/14 MP: 2/2
     0 | D:1      | 0 ||| qw: Version: 0.1-a-90-g952f4b7
     0 | D:1      | 0 ||| qw: Game counter: 4158
     0 | D:1      | 0 ||| qw: Always use a shield: true
     0 | D:1      | 0 ||| qw: God list: Okawaru
     0 | D:1      | 0 ||| qw: Allow faded altars: false
     0 | D:1      | 0 ||| qw: Do Orc after D:15 true
     0 | D:1      | 0 ||| qw: Do second Lair branch before Depths: true
     0 | D:1      | 0 ||| qw: Lair rune preference: random
     0 | D:1      | 0 ||| qw: Plans: Normal
     0 | D:1      | 0 ||| PLANNING D:1-11
    44 | D:1      | 44 ||| Stepping ~*~*~tactically~*~*~ (outnumbered).
    45 | D:1      | 45 ||| Stepping ~*~*~tactically~*~*~ (outnumbered).
    50 | D:1      | 50 ||| Stepping ~*~*~tactically~*~*~ (outnumbered).
    55 | D:1      | HP: 3/14 [hobgoblin (5)]
    57 | D:1      | Reached skill level 1 in Unarmed Combat
   525 | D:1      | HP: 3/15 [hobgoblin (1)]
   740 | D:1      | Reached skill level 1 in Fighting
   740 | D:1      | Reached XP level 2. HP: 23/23 MP: 3/3
   777 | D:1      | 777 ||| Stepping ~*~*~tactically~*~*~ (stealth).
   786 | D:1      | 786 ||| Stepping ~*~*~tactically~*~*~ (outnumbered).
   787 | D:1      | 787 ||| Stepping ~*~*~tactically~*~*~ (outnumbered).
   982 | D:1      | 982 ||| Stepping ~*~*~tactically~*~*~ (outnumbered).
   994 | D:1      | Reached skill level 2 in Unarmed Combat
  1301 | D:1      | Found a faded altar of an unknown god.
  1550 | D:1      | Reached XP level 3. HP: 25/28 MP: 4/4
  1855 | D:1      | 1855 ||| UPGRADING to +0 ring mail.
  1865 | D:1      | 1865 ||| DROPPING +0 robe.
  1866 | D:1      | 1866 ||| UPGRADING to +0 fire dragon scales.
  1876 | D:1      | 1876 ||| DROPPING +0 ring mail.
  1877 | D:1      | 1877 ||| UPGRADING to ring of protection from cold.
  1878 | D:1      | 1878 ||| READING 2 scrolls labelled PIEP NYONUOSTO.
  1882 | D:1      | 1882 ||| READING scroll labelled TAPOPN OSEUCH.
  1883 | D:1      | 1883 ||| READING 3 scrolls labelled MEN CISKAIBOPP.
  1884 | D:1      | 1884 ||| READING scroll labelled TOJEIN YCVO.
  1885 | D:1      | 1885 ||| DRINKING 2 viscous puce potions.
  1886 | D:1      | 1886 ||| READING 2 scrolls of identify.
  1886 | D:1      | 1886 ||| IDENTIFYING lumpy black potion
  1887 | D:1      | 1887 ||| DROPPING potion of magic.
  1888 | D:1      | 1888 ||| DROPPING potion of flight.
  1889 | D:1      | 1889 ||| DROPPING potion of invisibility.
  2048 | D:2      | 2048 ||| Stepping ~*~*~tactically~*~*~ (stealth).
  2126 | D:2      | Reached skill level 3 in Unarmed Combat
  2471 | D:2      | 2471 ||| Stepping ~*~*~tactically~*~*~ (hiding).
  2532 | D:2      | 2532 ||| UPGRADING to scarf of resistance.
  2537 | D:2      | 2537 ||| DRINKING 2 yellow potions.
  2959 | D:3      | Reached XP level 4. HP: 35/35 MP: 5/5
  2964 | D:3      | Noticed Grinder
  2966 | D:3      | 2966 ||| Stepping ~*~*~tactically~*~*~ (hiding).
  2967 | D:3      | Paralysed by Grinder for 2 turns
  2971 | D:3      | 2971 ||| Stepping ~*~*~tactically~*~*~ (hiding).
  2999 | D:3      | 2999 ||| FLEEEEING.
  3000 | D:3      | 3000 ||| FLEEEEING.
  3001 | D:3      | 3001 ||| FLEEEEING.
  3001 | D:3      | Paralysed by Grinder for 5 turns
  3009 | D:3      | HP: 3/35 [Grinder (8)]
  3010 | D:3      | 3010 ||| READING scroll of teleportation.
  3011 | D:3      | 3011 ||| DRINKING potion of heal wounds.
  3100 | D:3      | 3100 ||| Stepping ~*~*~tactically~*~*~ (hiding).
  3101 | D:3      | 3101 ||| Stepping ~*~*~tactically~*~*~ (hiding).
  3110 | D:3      | Killed Grinder
  3111 | D:3      | Reached skill level 6 in Unarmed Combat
  3111 | D:3      | Reached XP level 5. HP: 34/40 MP: 6/6
  3111 | D:3      | Reached XP level 6. HP: 40/47 MP: 7/7
  3323 | D:3      | 3323 ||| Stepping ~*~*~tactically~*~*~ (stealth).
  3373 | D:3      | 3373 ||| UPGRADING to +0 helmet.
  3378 | D:3      | 3378 ||| READING scroll labelled HEKHIRHURROWK.
  3379 | D:3      | 3379 ||| READING scroll labelled EBUIFFA WAGU.
  3380 | D:3      | 3380 ||| READING scroll labelled KIAGEF JUNE.
  3381 | D:3      | 3381 ||| READING scroll labelled NEBI SAFUAVI.
  3382 | D:3      | 3382 ||| READING 3 scrolls of identify.
  3382 | D:3      | 3382 ||| IDENTIFYING murky coppery potion
  3383 | D:3      | 3383 ||| DROPPING potion of degeneration.
  3477 | D:4      | Killed from afar by an orc priest

Levels and vault maps discovered:
D:1:      dpeg_arrival_radiant, layout_basic,
          dilly_ecumenical_altar_fadedgnrine, minmay_vboxes
D:2:      layout_rooms, minmay_fractal_squares_gapless_5
D:3:      layout_basic, kennysheep_doodads, uniq_grinder
D:4:      minmay_diamond_boxcup, layout_rooms, grunt_temple_overflow_open,
          minmay_misc_feat_doors

Skill      XL: |  1  2  3  4  5  6 |
---------------+-------------------+-----
Unarmed Combat | 1 2 3 6 |  6.3
Fighting       | 1 2 |  2.0
Dodging        | |  1.7
Stealth        | |  2.1
Spellcasting   | |  1.7
Conjurations   | |  0.7
Fire Magic     | |  2.4

Action                   |  1- 3 |  4- 6 || total
-------------------------+-------+-------++-------
Melee: Unarmed           |   212 |    67 ||   279
       Punch             |     4 |     3 ||     7
  Use: Scroll            |     5 |     6 ||    11
       Potion            |     2 |     1 ||     3
Armor: Robe              |    18 |       ||    18
       Fire dragon scale |    61 |    23 ||    84
Dodge: Dodged            |   114 |    22 ||   136

Table legend:
 A = Non-vault XP
 B = Vault XP
 C = Vault XP percentage of total XP
 D = Non-vault monster count
 E = Vault monster count
 F = Vault count percentage of total count
                 A         B        C        D         E       F
            +---------+---------+-------+---------+---------+-------
      Total |     134 |     298 |  69.0 |      42 |      11 |  20.8
            +---------+---------+-------+---------+---------+-------
        D:1 |      27 |       9 |  25.0 |      18 |       6 |  25.0
        D:2 |      27 |       8 |  22.9 |      14 |       4 |  22.2
        D:3 |      29 |     281 |  90.6 |       9 |       1 |  10.0
        D:4 |      51 |       0 |   0.0 |       1 |       0 |   0.0
            +---------+---------+-------+---------+---------+-------
